 Dungeon Crawl Stone Soup version 0.23-a0-395-gcf17ac6 (webtiles) character file.

3958 BingusPrime the Transmogrifier (level 10, 0/67 HPs)
             Began as a Merfolk Transmuter on Nov 1, 2018.
             Was a Believer of Wu Jian.
             Slain by a tengu conjurer (1 damage)
             ... on level 10 of the Dungeon on Nov 2, 2018.
             The game lasted 00:53:21 (11275 turns).

BingusPrime the Transmogrifier (MfTm)              Turns: 11275, Time: 00:53:23

Health: 0/67       AC:  3    Str: 10    XL:     10   Next: 21%
Magic:  17/21      EV: 25    Int: 21    God:    Wu Jian [**....]
Gold:   487        SH:  0    Dex: 20    Spells: 18/24 levels left

rFire    . . .     SeeInvis .     - Unarmed
rCold    + . .     Gourm    .   (shield currently unavailable)
rNeg     + . .     Faith    .   (armour currently unavailable)
rPois    .         Spirit   .   (helmet currently unavailable)
rElec    .         Reflect  .   (cloak currently unavailable)
rCorr    .         Harm     .   (gloves currently unavailable)
MR       .....                  (boots currently unavailable)
Stlth    ++........             e - amulet of the acrobat
HPRegen  0.21/turn              j - ring of poison resistance
MPRegen  0.17/turn              I - ring "Biniblub" {rC+ rN+ AC+1 Int+8 Dex-3}

@: about to teleport, spider-form (expiring), invisible
A: tiny, (change form in water), (swift swim), (stealthy swim)
a: End Transformation, Wall Jump, Renounce Religion


You were on level 10 of the Dungeon.
You worshipped Wu Jian.
Wu Jian was pleased with you.
You were very hungry.
You were a venomous arachnid creature.
You visited 2 branches of the dungeon, and saw 11 of its levels.

You collected 487 gold pieces.

Inventory:

Hand Weapons
 F - the +6 rapier "Beebb" {venom, +Blink rC+}
   (You found it on level 5 of the Dungeon)

   It poisons the flesh of those it strikes.
   It protects you from cold.
   It lets you blink.
 G - a +0 hand crossbow
Missiles
 a - 64 arrows
Armour
 b - a +1 robe (melded)
 g - a +0 helmet
 C - a scarf of resistance (melded)
 D - a cursed +0 ring mail
Jewellery
 e - an amulet of the acrobat (around neck)
 j - a ring of poison resistance (left front leg)
 B - an uncursed ring of ice
 I - the ring "Biniblub" (right front leg) {rC+ rN+ AC+1 Int+8 Dex-3}
   (You found it on level 9 of the Dungeon)

   [ring of protection]

   It affects your AC (+1).
   It affects your intelligence (+8).
   It affects your dexterity (-3).
   It protects you from cold.
   It protects you from negative energy.
Wands
 m - a wand of acid (10)
 s - a wand of iceblast (7)
 K - a wand of disintegration (12)
Scrolls
 k - 2 scrolls of remove curse
 o - 2 scrolls of amnesia
 p - a scroll of enchant weapon {unknown}
 v - a scroll of fog {unknown}
 w - 2 scrolls of teleportation
 y - 4 scrolls of enchant armour
 A - 2 scrolls of magic mapping
 H - 2 scrolls of blinking {unknown}
Potions
 c - a potion of heal wounds {unknown}
 f - 3 potions of might
 i - a potion of mutation {unknown}
 l - 4 potions of curing
 n - 3 potions of resistance
 q - a potion of brilliance
 r - a potion of degeneration {unknown}
 t - 5 potions of flight
 u - 2 potions of lignification {unknown}
 x - 2 potions of cancellation
 z - a potion of haste {unknown}
 E - a potion of berserk rage {unknown}
 L - a potion of agility {unknown}
Miscellaneous
 J - a lightning rod (4/4)
Comestibles
 d - 9 rations


   Skills:
 + Level 2.2 Fighting
 + Level 0.6 Short Blades
 + Level 6.1 Dodging
 + Level 2.1 Stealth
 + Level 9.3 Unarmed Combat
 * Level 7.7 Spellcasting
 * Level 10.0 Transmutations


You had 18 spell levels left.
You knew the following spells:

 Your Spells              Type           Power        Failure   Level  Hunger
a - Beastly Appendage     Tmut           ######       1%          1    None
b - Sticks to Snakes      Tmut           ######..     2%          2    None
c - Spider Form           Tmut/Pois      ####......   11%         3    None

Your spell library contained the following spells:

 Spells                   Type           Power        Failure   Level  Hunger
 Blade Hands              Tmut           ######....   12%         5    #####..
 Ice Form                 Ice/Tmut       ####....     26%         4    ###....
 Poisonous Vapours        Pois/Air       #.....       28%         2    None
 Conjure Flame            Conj/Fire      #.......     45%         3    None
 Mephitic Cloud           Conj/Pois/Air  #.......     45%         3    None
 Freezing Cloud           Conj/Ice/Air   #.........   100%        6    ######.
 Ring of Flames           Chrm/Fire      #.........   100%        7    #######


Dungeon Overview and Level Annotations

Branches:
Dungeon (10/15)            Temple (1/1) D:4
   Lair: D:8-11         Orc: D:9-12

Altars:
Ashenzari
Cheibriados
Dithmenos
Elyvilon
Fedhas
Gozag
Hepliaklqana
Kikubaaqudgha
Makhleb
Nemelex Xobeh
Okawaru
Qazlal
Ru
Sif Muna
Trog
Uskayaw
Vehumet
Wu Jian
Xom
Yredelemnul
Zin
The Shining One
Beogh

Shops:
D:7 ?   D:10 }

Annotations:
D:6 1 runed door, Mango's ghost, novice DsAK


Message History

* * * LOW HITPOINT WARNING * * *
The tengu conjurer closely misses you.
The tengu conjurer completely misses you.
The tengu conjurer claws you but does no damage.
Your adder closely misses the yak.
As you read the scroll of teleportation, it crumbles to dust.
You feel strangely unstable. The yak gores you!
* * * LOW HITPOINT WARNING * * *
The tengu conjurer completely misses you. x2
The tengu conjurer claws you.
* * * LOW HITPOINT WARNING * * *
Your adder bites the yak.
The yak looks as sick as possible!
Your adder poisons the yak!
The yak gores your adder.
You fade into invisibility!
Your adder barely misses the yak.
The yak completely misses you. The tengu conjurer hits you.
* * * LOW HITPOINT WARNING * * *
The tengu conjurer completely misses you.
The tengu conjurer claws you.
You die...

#..# ##†# ######## #.##
#......# .####..######
#......#
#............###.†....#
#######.####...'..)...#
#.# #####.)(...# #.#
####'### #.# #sY..# #(#
###Q##### #.# #.*Y5...#
#+ #...S...# #.......#
##......# #......#
'......# #......#


You could see 2 yaks, a tengu conjurer, a battlesphere, a crimson imp and a
friendly adder.

Vanquished Creatures
  A hippogriff (D:8)
  A yak (D:10)
  2 water moccasins
  3 orc warriors
  2 black bears
  An eye of draining (D:10)
  4 ice beasts
  A necrophage (D:9)
  3 ogres
  A phantom (D:8)
  3 wolves (D:9)
  A centaur (D:7)
  A big kobold (D:10)
  2 bullfrogs
  A wyvern zombie (D:10)
  3 howler monkeys
  2 bullfrog zombies (D:5)
  2 hounds
  2 centaur zombies
  3 quasits
  4 crimson imps
  4 orc priests
  A jelly (D:9)
  6 orc wizards
  An iguana (D:8)
  10 worker ants
  A worker ant zombie (D:9)
  6 gnolls
  7 adders
  4 river rats (D:5)
  A shadow imp (D:6)
  A worm (D:5)
  A dart slug (D:2)
  3 leopard geckos
  30 orcs
  8 bats
  5 giant cockroaches
  4 goblins
  13 hobgoblins
  8 kobolds
  A quokka (D:8)
  2 ball pythons
  4 frilled lizards
  A jackal skeleton (D:4)
  4 rats
169 creatures vanquished.

Vanquished Creatures (collateral kills)
  Grum (D:9)
  An ogre (D:4)
  A scorpion (D:4)
  An orc priest (D:9)
  An orc wizard (D:5)
  An adder (D:9)
  A gnoll (D:4)
  13 orcs
  A ball python skeleton (D:5)
21 creatures vanquished.

Vanquished Creatures (others)
  A human (D:6)
1 creature vanquished.

Grand Total: 191 creatures vanquished

Notes
Turn   | Place    | Note
-------+----------+-------------------------------------------
     0 | D:1      | BingusPrime the Merfolk Transmuter began the quest for the
                  | Orb.
     0 | D:1      | Reached XP level 1. HP: 15/15 MP: 3/3
   509 | D:1      | Reached XP level 2. HP: 21/21 MP: 3/5
  1130 | D:1      | Reached skill level 3 in Transmutations
  1130 | D:1      | Reached XP level 3. HP: 23/26 MP: 4/6
  1527 | D:2      | Reached XP level 4. HP: 29/32 MP: 7/7
  2383 | D:3      | Found a shattered altar of Ashenzari.
  2553 | D:3      | Found a faded altar of an unknown god.
  2676 | D:3      | Learned a level 2 spell: Sticks to Snakes
  3320 | D:4      | Noticed an ogre
  3328 | D:4      | Killed an ogre
  3328 | D:4      | Reached skill level 5 in Unarmed Combat
  3328 | D:4      | Reached XP level 5. HP: 37/37 MP: 2/9
  3755 | D:4      | Found a stormy altar of Qazlal.
  4244 | D:4      | Learned a level 3 spell: Spider Form
  4247 | D:4      | Reached XP level 6. HP: 38/43 MP: 7/11
  4327 | D:4      | Reached skill level 1 in Stealth
  4327 | D:4      | Reached skill level 4 in Transmutations
  4331 | D:4      | Found a staircase to the Ecumenical Temple.
  4640 | Temple   | Entered the Ecumenical Temple
  4925 | Temple   | Became a worshipper of the Wu Jian Council
  4988 | D:5      | Entered Level 5 of the Dungeon
  4988 | D:5      | Found a hide-covered altar of Uskayaw.
  4988 | D:5      | Noticed a hand axe
  4988 | D:5      | Noticed a hand axe
  5113 | D:5      | Found a snail-covered altar of Cheibriados.
  5214 | D:5      | Got a crude rapier
  5241 | D:5      | Identified the +6 rapier "Beebb" {venom, +Blink rC+} (You
                  | found it on level 5 of the Dungeon)
  5300 | D:5      | Reached XP level 7. HP: 45/48 MP: 2/13
  5458 | D:5      | Reached skill level 5 in Transmutations
  5609 | D:5      | Found a glowing drain.
  6254 | D:6      | Found an ancient bone altar of Kikubaaqudgha.
  6255 | D:6      | Noticed a human
  6257 | D:6      | Killed a human
  6320 | D:6      | Found a blossoming altar of Fedhas.
  6508 | D:6      | Found a runed door.
  6511 | D:6      | Noticed Mango's ghost (novice DsAK)
  6606 | D:6      | Reached * piety under Wu Jian
  6606 | D:6      | Reached skill level 6 in Transmutations
  6728 | D:7      | Reached XP level 8. HP: 52/56 MP: 10/14
  6786 | D:7      | Reached skill level 5 in Spellcasting
  7113 | D:7      | Reached skill level 7 in Transmutations
  7192 | D:7      | Found Aryhuita's Magic Scroll Shop.
  7250 | D:7      | Found a radiant altar of Vehumet.
  7355 | D:8      | Reached skill level 5 in Dodging
  7888 | D:8      | Found a shimmering altar of Xom.
  7888 | D:8      | Noticed a hippogriff
  7911 | D:8      | Reached XP level 9. HP: 53/61 MP: 11/17
  8073 | D:8      | Reached skill level 8 in Transmutations
  8296 | D:8      | Found a shadowy altar of Dithmenos.
  8874 | D:9      | Got a transparent silver ring
  8900 | D:9      | Identified the ring "Biniblub" {rC+ rN+ AC+1 Int+8 Dex-3}
                  | (You found it on level 9 of the Dungeon)
  8955 | D:9      | Found a roughly hewn altar of Beogh.
  9004 | D:9      | Reached ** piety under Wu Jian
  9338 | D:9      | Found a glowing golden altar of the Shining One.
  9481 | D:9      | Found a sparkling altar of Nemelex Xobeh.
  9513 | D:9      | Noticed Grum
  9752 | D:9      | Reached skill level 9 in Transmutations
  9758 | D:9      | Killed Grum
  9911 | D:9      | Found a bloodstained altar of Trog.
 10377 | D:9      | Noticed a hornet
 10684 | D:10     | Entered Level 10 of the Dungeon
 10705 | D:9      | Reached XP level 10. HP: 42/67 MP: 14/20
 11065 | D:10     | Noticed a two-headed ogre
 11188 | D:10     | Found Oxzinn's Gadget Emporium.
 11267 | D:10     | Reached skill level 10 in Transmutations
 11274 | D:10     | HP: 3/67 [tengu conjurer (4)]
 11275 | D:10     | HP: 1/67 [tengu conjurer (3)]
 11275 | D:10     | Slain by a tengu conjurer

Vault maps used:
D:1:      tarquinn_simple_flora_water_b, grunt_decor_mini_mirrors, minivault_25
D:3:      chequers_ecumenical_altar_simple, cheibrodos_ashenzari_chains
D:4:      minmay_temple_entry_junction, first_ration, minmay_misc_feat_roman,
          minmay_misc_feat_enclosed, nicolae_qazlal_general_emergency
D:5:      dancing_weapons_uskayaw, basic_altar, portal_sewer_entry_b,
          kennysheep_generic_room_9
D:6:      kennysheep_little_box, ebering_ghost_sewer_d, tgw_kikubaaqudgha
D:7:      vehumet_crystals, serial_shops, kennysheep_mini
D:8:      grunt_dithmenos_shadows, basic_altar
D:9:      nemelex_xobeh_ov_fountains_minmay, lemuel_round_altar, special_room,
          tso_altar, uniq_grum
D:10:     gammafunk_ghost_necromancy, serial_shops, shop, grunt_tengu_nest
Temple:   eino_temple_rhombus

Skill      XL: |  1  2  3  4  5  6  7  8  9 10 |
---------------+-------------------------------+-----
Unarmed Combat | 4 5 6 7 8 9 |  9.3
Dodging        | 3 4 5 6 |  6.1
Transmutations | 3 4 6 7 9 10 | 10.0
Spellcasting   | 3 4 5 7 |  7.7
Stealth        | 1 2 |  2.1
Fighting       | 2 |  2.2
Short Blades   | |  0.6

Action                   |  1- 3 |  4- 6 |  7- 9 | 10-12 || total
-------------------------+-------+-------+-------+-------++-------
Melee: Unarmed           |   111 |   181 |   299 |    67 ||   658
       Headbutt          |     2 |    18 |     2 |     2 ||    24
       Punch             |     1 |     4 |     2 |     2 ||     9
       Rapier            |       |       |     5 |       ||     5
 Cast: Beastly Appendage |    10 |    20 |     1 |     2 ||    33
       Sticks to Snakes  |       |     9 |    15 |     4 ||    28
       Spider Form       |       |     7 |    50 |     6 ||    63
Invok: Lunge             |       |     3 |    20 |     4 ||    27
       Whirlwind         |       |       |     2 |     2 ||     4
  Use: Scroll            |     1 |     7 |     8 |     1 ||    17
       Potion            |       |       |     3 |     1 ||     4
 Stab: Sleeping          |     3 |     2 |     1 |     1 ||     7
  Eat: Chunk             |     2 |    10 |    10 |     2 ||    24
       Ration            |       |     1 |     3 |       ||     4
Armor: Robe              |    14 |    20 |     4 |     1 ||    39
       Skin              |       |     2 |    10 |     1 ||    13
Dodge: Dodged            |    78 |   132 |   277 |    73 ||   560

Table legend:
 A = Non-vault XP
 B = Vault XP
 C = Vault XP percentage of total XP
 D = Non-vault monster count
 E = Vault monster count
 F = Vault count percentage of total count
                 A         B        C        D         E       F
            +---------+---------+-------+---------+---------+-------
      Total |    4712 |     943 |  16.7 |     156 |      34 |  17.9
            +---------+---------+-------+---------+---------+-------
        D:1 |      49 |       0 |   0.0 |      21 |       0 |   0.0
        D:2 |      68 |       0 |   0.0 |      18 |       0 |   0.0
        D:3 |      27 |       0 |   0.0 |       9 |       0 |   0.0
        D:4 |     320 |       0 |   0.0 |      16 |       0 |   0.0
        D:5 |     374 |      99 |  20.9 |      18 |       9 |  33.3
        D:6 |     247 |       0 |   0.0 |       6 |       0 |   0.0
        D:7 |     679 |       0 |   0.0 |      11 |       0 |   0.0
        D:8 |    1097 |     116 |   9.6 |      20 |       1 |   4.8
        D:9 |     853 |     728 |  46.0 |      20 |      24 |  54.5
       D:10 |     998 |       0 |   0.0 |      17 |       0 |   0.0
            +---------+---------+-------+---------+---------+-------
